[ AOE2 MATCH · #472305003 ]
UnrankedBulgarians vs Poles
Player's team · LOSS
Rival team · WIN
[ REPLAY ANALYSIS · EXTRACTED FROM THE RECORDED GAME ]
Feudal
—
Castle
—
Imperial
—
| APM avg | 35.3 |
| APM peak | 72 |
| eAPM avg | 21.7 |
| Villagers / military | 75 / 103 |
Focus
⚔️ 46.1% · 🌾 53.9%
Militia ×63 · Skirmisher ×35 · Spearman ×4 · Monk ×1
Feudal
10:09
Castle
20:07
Imperial
34:46
| APM avg | 33.5 |
| APM peak | 92 |
| eAPM avg | 21.0 |
| Villagers / military | 99 / 86 |
Focus
⚔️ 34.6% · 🌾 65.4%
Archer ×55 · Knight ×25 · Trade Cart ×3 · Spearman ×2 · Trebuchet (Packed) ×2 · Skirmisher ×1
Match map
Initial resources + every placement click. Lines = walls · curves = elevation contours. ◆ gold · ⬟ stone · ● berries · ✦ relic · ◌ wall gap
Your base· ✓ Closed at 15:37 · 44t walls · 2 gate(s)
Don't Touch Me's base· ✓ Closed at 20:07 · 24t walls · 1 gate(s)
Smoothed initial terrain · ◌ = detected wall gap · hover for details
Inputs per minute
— LucasS217 - - Don't Touch Me
Build order — LucasS217
First 150 of 276 actions detected
| 0:01 | Create | Villager (Male) |
| 0:02 | Build | House |
| 0:04 | Build | House |
| 0:13 | Create | Villager (Male) |
| 0:14 | Create | Villager (Male) |
| 0:14 | Create | Villager (Male) |
| 0:14 | Create | Villager (Male) |
| 1:43 | Create | Villager (Male) |
| 2:05 | Create | Villager (Male) |
| 2:06 | Create | Villager (Male) |
| 2:49 | Create | Villager (Male) |
| 2:49 | Create | Villager (Male) |
| 3:02 | Build | Lumber Camp |
| 3:24 | Create | Villager (Male) |
| 3:40 | Create | Villager (Male) |
| 3:49 | Create | Villager (Male) |
| 4:13 | Create | Villager (Male) |
| 4:26 | Build | House |
| 4:39 | Create | Villager (Male) |
| 5:10 | Create | Villager (Male) |
| 5:12 | Build | Mill |
| 5:14 | Create | Villager (Male) |
| 5:38 | Create | Villager (Male) |
| 6:14 | Create | Villager (Male) |
| 7:05 | Create | Villager (Male) |
| 7:08 | Research | Loom |
| 7:29 | Research | Feudal Age |
| 7:29 | Research | Feudal Age |
| 8:44 | Build | Barracks |
| 8:47 | Build | House |
| 9:07 | Create | Villager (Male) |
| 9:15 | Build | Palisade Wall |
| 9:28 | Build | House |
| 9:46 | Create | Militia |
| 9:52 | Create | Spearman |
| 10:01 | Build | Blacksmith |
| 10:28 | Build | Mining Camp |
| 10:43 | Create | Villager (Male) |
| 10:45 | Create | Militia |
| 11:01 | Create | Villager (Male) |
| 11:26 | Build | Palisade Wall |
| 11:29 | Build | Palisade Wall |
| 11:44 | Build | Stone Wall |
| 11:51 | Create | Villager (Male) |
| 11:51 | Create | Villager (Male) |
| 12:01 | Build | Palisade Wall |
| 12:03 | Build | Palisade Gate |
| 12:27 | Create | Villager (Male) |
| 12:48 | Create | Villager (Male) |
| 13:13 | Create | Villager (Male) |
| 13:22 | Build | Palisade Wall |
| 13:38 | Build | House |
| 13:49 | Build | Farm |
| 14:02 | Build | Archery Range |
| 14:19 | Build | Palisade Gate |
| 14:31 | Create | Villager (Male) |
| 14:42 | Build | Market |
| 15:37 | Research | Castle Age |
| 15:37 | Research | Castle Age |
| 15:40 | Create | Skirmisher |
| 15:41 | Create | Skirmisher |
| 15:51 | Build | Farm |
| 15:52 | Build | Farm |
| 15:52 | Build | Farm |
| 15:52 | Build | Farm |
| 15:53 | Build | Farm |
| 15:58 | Build | Farm |
| 16:04 | Build | Farm |
| 16:33 | Create | Skirmisher |
| 16:46 | Create | Villager (Male) |
| 17:09 | Build | Farm |
| 17:09 | Build | Farm |
| 17:09 | Build | Farm |
| 17:10 | Build | Farm |
| 17:20 | Build | Farm |
| 17:32 | Research | Arson |
| 17:35 | Research | Scale Mail Armor |
| 17:36 | Research | Forging |
| 17:39 | Research | Fletching |
| 17:50 | Build | House |
| 17:52 | Build | House |
| 17:53 | Build | House |
| 18:01 | Build | Farm |
| 18:05 | Build | House |
| 18:21 | Create | Skirmisher |
| 18:25 | Research | Squires |
| 18:32 | Build | Barracks |
| 18:43 | Create | Villager (Male) |
| 18:52 | Build | Lumber Camp |
| 19:02 | Create | Militia |
| 19:04 | Research | Gambesons |
| 19:13 | Create | Skirmisher |
| 19:14 | Create | Skirmisher |
| 19:24 | Create | Villager (Male) |
| 19:34 | Research | Padded Archer Armor |
| 19:44 | Build | Watch Tower |
| 19:54 | Create | Militia |
| 19:54 | Create | Militia |
| 20:00 | Create | Villager (Male) |
| 20:08 | Create | Militia |
| 20:20 | Create | Militia |
| 20:21 | Create | Militia |
| 20:23 | Create | Villager (Male) |
| 20:43 | Create | Militia |
| 20:43 | Create | Militia |
| 20:47 | Create | Skirmisher |
| 21:15 | Research | Chain Mail Armor |
| 21:21 | Research | Forging |
| 21:38 | Build | Mining Camp |
| 21:54 | Create | Militia |
| 21:54 | Create | Militia |
| 22:01 | Create | Villager (Male) |
| 22:08 | Build | Mill |
| 22:09 | Build | Farm |
| 22:09 | Build | Farm |
| 22:10 | Build | Farm |
| 22:10 | Build | Farm |
| 22:11 | Build | Farm |
| 22:19 | Build | Farm |
| 22:22 | Create | Villager (Male) |
| 22:33 | Create | Militia |
| 22:59 | Create | Militia |
| 22:59 | Create | Militia |
| 22:59 | Create | Militia |
| 23:37 | Create | Militia |
| 23:38 | Create | Militia |
| 23:38 | Create | Villager (Male) |
| 23:39 | Create | Villager (Male) |
| 24:13 | Create | Militia |
| 24:13 | Create | Militia |
| 24:15 | Create | Skirmisher |
| 24:27 | Build | House |
| 24:28 | Build | House |
| 24:29 | Build | House |
| 24:29 | Build | House |
| 24:30 | Build | House |
| 24:33 | Create | Villager (Male) |
| 25:27 | Create | Skirmisher |
| 25:58 | Create | Militia |
| 25:59 | Create | Militia |
| 26:02 | Create | Skirmisher |
| 26:18 | Create | Militia |
| 26:19 | Create | Militia |
| 26:20 | Create | Villager (Male) |
| 26:21 | Create | Skirmisher |
| 26:34 | Create | Militia |
| 26:34 | Create | Militia |
| 26:34 | Create | Militia |
| 26:34 | Create | Militia |
| 26:35 | Create | Militia |
Build order — Don't Touch Me
First 150 of 299 actions detected
| 0:01 | Create | Villager (Male) |
| 0:01 | Create | Villager (Male) |
| 0:01 | Create | Villager (Male) |
| 0:02 | Create | Villager (Male) |
| 0:03 | Build | House |
| 0:04 | Build | House |
| 1:27 | Create | Villager (Male) |
| 1:57 | Build | Lumber Camp |
| 1:58 | Create | Villager (Male) |
| 2:19 | Create | Villager (Male) |
| 2:44 | Create | Villager (Male) |
| 2:59 | Create | Villager (Male) |
| 3:31 | Create | Villager (Male) |
| 3:32 | Build | House |
| 4:00 | Create | Villager (Male) |
| 4:01 | Create | Villager (Male) |
| 4:08 | Build | Mill |
| 4:17 | Build | Mill |
| 4:39 | Create | Villager (Male) |
| 4:57 | Create | Villager (Male) |
| 4:58 | Create | Villager (Male) |
| 5:10 | Create | Villager (Male) |
| 5:10 | Create | Villager (Male) |
| 5:31 | Create | Villager (Male) |
| 5:31 | Create | Villager (Male) |
| 5:43 | Create | Villager (Male) |
| 6:07 | Create | Villager (Male) |
| 6:26 | Create | Villager (Male) |
| 6:49 | Build | Mining Camp |
| 7:03 | Research | Loom |
| 7:52 | Research | Feudal Age |
| 8:13 | Build | Barracks |
| 8:17 | Build | House |
| 9:05 | Build | Mill |
| 9:13 | Build | Palisade Wall |
| 9:40 | Create | Villager (Male) |
| 9:41 | Create | Villager (Male) |
| 10:09 | Age | Feudal Age |
| 10:18 | Create | Villager (Male) |
| 10:24 | Build | Archery Range |
| 10:29 | Build | Farm |
| 10:29 | Build | Farm |
| 10:31 | Create | Villager (Male) |
| 10:38 | Build | Palisade Gate |
| 10:45 | Create | Villager (Male) |
| 10:48 | Research | Double-Bit Axe |
| 11:01 | Build | Farm |
| 11:09 | Create | Archer |
| 11:10 | Create | Archer |
| 11:13 | Build | House |
| 11:29 | Create | Villager (Male) |
| 11:30 | Create | Archer |
| 11:32 | Create | Spearman |
| 12:00 | Build | House |
| 12:06 | Build | Blacksmith |
| 12:07 | Create | Archer |
| 12:07 | Create | Archer |
| 12:20 | Create | Villager (Male) |
| 12:50 | Create | Villager (Male) |
| 13:21 | Build | Mining Camp |
| 13:23 | Create | Villager (Male) |
| 13:27 | Build | Farm |
| 13:30 | Create | Villager (Male) |
| 13:36 | Create | Villager (Male) |
| 13:41 | Build | Farm |
| 13:43 | Research | Horse Collar |
| 13:45 | Create | Villager (Male) |
| 14:06 | Build | Farm |
| 14:08 | Create | Villager (Male) |
| 14:12 | Build | House |
| 14:21 | Research | Fletching |
| 14:23 | Create | Villager (Male) |
| 14:28 | Build | House |
| 14:40 | Build | House |
| 14:43 | Build | Palisade Wall |
| 14:46 | Build | Palisade Wall |
| 14:50 | Build | Farm |
| 14:55 | Create | Villager (Male) |
| 15:38 | Create | Villager (Male) |
| 15:42 | Build | Farm |
| 15:44 | Build | Farm |
| 15:44 | Build | Farm |
| 16:09 | Build | Palisade Wall |
| 16:12 | Build | Farm |
| 16:13 | Create | Villager (Male) |
| 16:18 | Build | Farm |
| 16:21 | Build | Farm |
| 16:28 | Build | Farm |
| 16:58 | Build | Farm |
| 17:13 | Build | Market |
| 17:27 | Research | Castle Age |
| 17:32 | Build | Farm |
| 17:50 | Research | Gold Mining |
| 18:22 | Build | House |
| 18:28 | Build | House |
| 18:35 | Build | House |
| 18:42 | Create | Villager (Male) |
| 18:49 | Build | Stable |
| 18:59 | Build | House |
| 19:28 | Research | Town Watch |
| 19:28 | Create | Villager (Male) |
| 19:28 | Create | Villager (Male) |
| 19:54 | Build | House |
| 19:57 | Create | Villager (Male) |
| 20:03 | Build | Farm |
| 20:04 | Build | Farm |
| 20:05 | Create | Villager (Male) |
| 20:07 | Age | Castle Age |
| 20:14 | Build | Town Center |
| 20:18 | Create | Villager (Male) |
| 20:21 | Research | Bloodlines |
| 20:28 | Create | Archer |
| 20:29 | Create | Archer |
| 20:42 | Create | Villager (Male) |
| 20:44 | Research | Bow Saw |
| 20:47 | Build | Palisade Wall |
| 20:49 | Build | Palisade Wall |
| 21:02 | Create | Villager (Male) |
| 21:07 | Create | Villager (Male) |
| 21:23 | Create | Villager (Male) |
| 21:24 | Build | Farm |
| 21:29 | Create | Villager (Male) |
| 21:37 | Build | Mill |
| 21:44 | Create | Knight |
| 21:45 | Research | Scale Barding Armor |
| 21:58 | Research | Crossbowman (upgrade) |
| 22:05 | Build | Archery Range |
| 22:12 | Research | Bodkin Arrow |
| 22:32 | Create | Archer |
| 22:41 | Create | Knight |
| 23:02 | Create | Villager (Male) |
| 23:09 | Build | Siege Workshop |
| 23:26 | Build | House |
| 23:36 | Create | Knight |
| 23:36 | Create | Knight |
| 23:41 | Create | Archer |
| 23:41 | Create | Archer |
| 23:50 | Build | Stone Wall |
| 24:06 | Create | Skirmisher |
| 24:07 | Create | Archer |
| 24:07 | Create | Archer |
| 24:10 | Create | Archer |
| 24:20 | Build | Watch Tower |
| 24:31 | Create | Villager (Male) |
| 24:32 | Create | Villager (Male) |
| 24:32 | Create | Villager (Male) |
| 24:33 | Research | Wheelbarrow |
| 24:46 | Create | Archer |
| 24:46 | Create | Archer |
| 25:16 | Create | Villager (Male) |
Match timeline
| 8:13 | Don't Touch Me · first_building Barracks |
| 8:44 | LucasS217 · first_building Barracks |
| 9:13 | Don't Touch Me · wall_segment Palisade Wall x7 |
| 9:15 | LucasS217 · wall_segment Palisade Wall x3 |
| 10:09 | Don't Touch Me · age_up feudal |
| 10:24 | Don't Touch Me · first_building Archery Range |
| 11:26 | LucasS217 · wall_segment Palisade Wall x5 |
| 11:29 | LucasS217 · wall_segment Palisade Wall x8 |
| 11:44 | LucasS217 · wall_segment Stone Wall x1 |
| 12:01 | LucasS217 · wall_segment Palisade Wall x14 |
| 13:22 | LucasS217 · wall_segment Palisade Wall x13 |
| 14:02 | LucasS217 · first_building Archery Range |
| 14:43 | Don't Touch Me · wall_segment Palisade Wall x1 |
| 14:46 | Don't Touch Me · wall_segment Palisade Wall x1 |
| 16:09 | Don't Touch Me · wall_segment Palisade Wall x15 |
| 18:49 | Don't Touch Me · first_building Stable |
| 20:07 | Don't Touch Me · age_up castle |
| 20:47 | Don't Touch Me · wall_segment Palisade Wall x1 |
| 20:49 | Don't Touch Me · wall_segment Palisade Wall x1 |
| 23:09 | Don't Touch Me · first_building Siege Workshop |
| 23:50 | Don't Touch Me · wall_segment Stone Wall x1 |
| 26:23 | Don't Touch Me · first_market_sell 100 wood |
| 26:24 | Don't Touch Me · first_market_buy 100 stone |
| 26:30 | Don't Touch Me · first_building Castle |
| 28:39 | LucasS217 · first_building Castle |
| 28:58 | LucasS217 · first_market_sell 100 food |
| 29:00 | LucasS217 · first_market_buy 100 stone |
| 29:15 | LucasS217 · wall_segment Stone Wall x1 |
| 29:18 | LucasS217 · wall_segment Stone Wall x1 |
| 29:37 | LucasS217 · wall_segment Stone Wall x1 |
| 31:47 | Don't Touch Me · first_building Monastery |
| 34:46 | Don't Touch Me · age_up imperial |
| 34:57 | LucasS217 · first_building Monastery |
| 41:49 | LucasS217 · resign |
[ AI ANALYSIS · 1 CREDIT ]
What really happened in this match?
Wolo.gg analyzes every decision: build order, eco, micro, common mistakes by bracket. Personalized analysis on WhatsApp or Discord in 30 seconds.
Civ guide
Bulgarians
Perfil
Jugador #3356513